AoeStats
← Bronco

Arena

510157574Analyzed
4v4 RM · 3d ago on Sep 29, 2026· 47m 41s· 8 players
Game mode
Random Map
Map size
Large (8 player)
Population
200
Speed
Normal
Resources
Standard
Victory
Conquest
Starting age
Dark Age
Ending age
Imperial Age
RankedLock teamsTeams togetherTeam positionsShared explorationLock speedFull tech treeHidden civsTurbo modeCheats
Victory
Defeat
🇬🇷 Bohemians · Greece
1271
+15
🇱🇺 Danes · Luxembourg
1267
+15
🇵🇹 Goths · Portugal
1224
+17
🇨🇳 Franks · China
1213
+17
🇩🇪 Saxons · Germany
1257
-16
🇩🇪 Danes · Germany
1249
-16
🇩🇪 Britons · Germany
1246
-16
🇩🇪 Romans · Germany
1232
-16
SebTheKing
10:04 Feudal Age
13:47 Castle Age
12:22 Loom
12:34 Double-Bit Axe
12:33 Horse Collar
22:46 Heavy Plow
24:15 Bow Saw
24:54 Wheelbarrow
25:33 Town Watch
31:19 Imperial Age
31:26 Arson
31:44 Squires
31:48 Scale Mail Armor
31:58 Forging
32:51 Conscription
32:38 Gambesons
33:47 Chain Mail Armor
34:08 Iron Casting
32:57 Man-at-Arms
33:30 Long Swordsman
34:06 Hamask
34:14 Two-Handed Swordsman
35:39 Champion
38:54 Blast Furnace
39:19 Plate Mail Armor
commanderlionheart
9:45 Feudal Age
13:42 Castle Age
12:52 Double-Bit Axe
13:26 Horse Collar
18:37 Loom
23:18 Gold Mining
23:42 Bow Saw
23:38 Heavy Plow
25:21 Wheelbarrow
28:55 Imperial Age
26:42 Scale Mail Armor
27:47 Chain Mail Armor
27:42 Forging
28:35 Hand Cart
28:06 Town Watch
29:54 Fletching
30:35 Plate Mail Armor
31:15 Iron Casting
30:56 Arson
30:52 Man-at-Arms
31:33 Squires
31:18 Gambesons
31:43 Long Swordsman
32:32 Bodkin Arrow
32:28 Two-Handed Swordsman
33:20 Champion
34:05 Bracer
34:52 Gold Shaft Mining
34:08 Stone Mining
35:19 Two-Man Saw
34:11 Champion
35:41 Crop Rotation
36:06 Shield Wall
37:21 Heavy Scorpion
42:39 Conscription
42:47 Fortified Wall
wo01f
10:14 Feudal Age
11:20 Loom
13:59 Castle Age
12:30 Double-Bit Axe
14:58 Horse Collar
15:32 Bow Saw
20:35 Wheelbarrow
21:06 Gold Mining
21:35 Heavy Plow
22:21 Fletching
22:53 Stone Mining
23:43 Hand Cart
26:18 Crossbowman
26:56 Bodkin Arrow
27:02 Padded Archer Armor
27:43 Ballistics
30:37 Imperial Age
29:33 Leather Archer Armor
31:18 Bracer
31:49 Ring Archer Armor
32:22 Chemistry
30:46 Arbalester
34:31 Two-Man Saw
38:16 Conscription
37:17 Elite Longbowman
38:05 Town Watch
39:33 Yeomen
40:31 Warwolf
39:57 Elite Skirmisher
43:37 Cranequins
43:41 Heavy Mounted Crossbowman
44:48 Husbandry
45:07 Capped Ram
Bronco
10:23 Feudal Age
13:51 Castle Age
12:22 Double-Bit Axe
12:50 Horse Collar
14:49 Loom
17:23 Bow Saw
20:46 Wheelbarrow
21:10 Heavy Plow
21:37 Man-at-Arms
23:08 Squires
23:11 Scale Mail Armor
23:04 Fletching
23:45 Stone Mining
23:56 Gold Mining
24:13 Scale Mail Armor
24:24 Forging
23:42 Pikeman
23:50 Long Swordsman
24:40 Town Watch
26:13 Chain Mail Armor
26:48 Iron Casting
29:33 Bodkin Arrow
34:38 Imperial Age
32:25 Hand Cart
36:02 Halberdier
36:03 Legionary
36:58 Masonry
41:21 Blast Furnace
40:29 Siege Engineers
41:27 Chemistry
40:54 Ballistics
43:59 Ballistas
45:03 Comitatenses
45:10 Conscription
Lord Ramsay Bolton
9:50 Feudal Age
8:27 Loom
10:23 Double-Bit Axe
16:46 Castle Age
15:27 Scale Mail Armor
16:01 Horse Collar
16:36 Stone Mining
17:57 Wheelbarrow
17:41 Gold Mining
19:12 Gambesons
21:28 Heavy Plow
22:12 Bow Saw
23:01 Squires
23:47 Fletching
24:46 Arson
29:25 Chain Mail Armor
29:36 Hamask
30:36 Man-at-Arms
35:03 Imperial Age
32:21 Long Swordsman
33:17 Padded Archer Armor
33:37 Bodkin Arrow
33:53 Forging
35:18 Two-Handed Swordsman
37:30 Conscription
36:55 Elite Skirmisher
38:20 Ballistics
40:30 Padded Archer Armor
42:17 Bracer
42:45 Thumb Ring
42:34 Elite Varangian Guard
42:37 Champion
44:37 Plate Mail Armor
46:08 Hand Cart
945100118
10:02 Feudal Age
13:54 Castle Age
11:59 Double-Bit Axe
20:44 Bow Saw
24:02 Gold Mining
25:03 Wheelbarrow
24:41 Scale Barding Armor
24:47 Forging
24:40 Husbandry
31:04 Imperial Age
28:52 Hand Cart
28:23 Town Watch
28:24 Loom
30:39 Town Patrol
31:04 Chain Barding Armor
31:20 Iron Casting
30:45 Padded Archer Armor
30:36 Fletching
31:11 Ballistics
31:05 Cavalier
33:30 Paladin
34:52 Plate Barding Armor
35:18 Blast Furnace
34:33 Leather Archer Armor
34:14 Bodkin Arrow
36:59 Chemistry
36:31 Elite Skirmisher
39:04 Scale Mail Armor
39:45 Ordonnance Companies
46:20 Light Cavalry
mojotzotzo
9:56 Feudal Age
13:55 Castle Age
12:22 Double-Bit Axe
12:18 Horse Collar
15:56 Fervor
17:11 Wheelbarrow
17:35 Bow Saw
17:46 Loom
20:38 Sanctity
25:34 Imperial Age
25:00 Chemistry
26:51 Fortified Wall
32:41 Padded Archer Armor
34:13 Leather Archer Armor
37:02 Ring Archer Armor
38:42 Houfnice
41:55 Siege Engineers
44:19 Caravan
47:43 Heavy Plow
DKing
3:54 Loom
11:30 Feudal Age
12:26 Double-Bit Axe
15:08 Castle Age
13:29 Horse Collar
16:17 Bow Saw
22:16 Wheelbarrow
23:34 Heavy Plow
25:20 Town Watch
26:10 Hand Cart
28:44 Imperial Age
26:42 Scale Mail Armor
26:52 Forging
28:13 Squires
27:33 Pikeman
27:34 Man-at-Arms
29:02 Chain Mail Armor
28:58 Long Swordsman
30:18 Anarchy
30:03 Two-Handed Swordsman
33:25 Conscription
33:52 Iron Casting
33:46 Elite Huskarl
35:05 Perfusion
36:26 Blast Furnace
35:57 Champion
37:56 Two-Man Saw
37:26 Crop Rotation
36:47 Gold Mining
37:42 Stone Mining
Connection lost

Rejoining the realm…

Still unreachable

The connection could not be restored.

Session expired

The server has moved on; the page needs a fresh start.